AoeStats
← HHADEZZ

Arena

509028101Analyzed
1v1 RM · 8d ago on Sep 25, 2026· 35m 57s· 2 players
Game mode
Random Map
Map size
Tiny (2 player)
Population
200
Speed
Normal
Resources
Standard
Victory
Conquest
Starting age
Dark Age
Ending age
Imperial Age
RankedLock teamsTeams togetherTeam positionsShared explorationLock speedFull tech treeHidden civsTurbo modeCheats
Victory
Defeat
🇮🇳 Mongols · India
1034
+14
🇲🇽 Maya · Mexico
1000
-42
HHADEZZ
14:24 Loom
24:20 Feudal Age
27:00 Wheelbarrow
26:12 Town Watch
27:50 Man-at-Arms
28:16 Arson
Naysayer90
11:42 Feudal Age
12:25 Double-Bit Axe
15:59 Castle Age
14:44 Loom
14:59 Horse Collar
18:27 Loom
22:31 Wheelbarrow
21:41 Town Watch
23:11 Fletching
26:12 Hand Cart
26:38 Bow Saw
27:26 Bodkin Arrow
30:23 Ballistics
34:43 Imperial Age
34:17 Padded Archer Armor
34:58 Capped Ram
Connection lost

Rejoining the realm…

Still unreachable

The connection could not be restored.

Session expired

The server has moved on; the page needs a fresh start.